cohdb
Replays
Latest Replays
All Replays
Popular Replays
Top Player Replays
Match Explorer
How It Works
Community
CoH3 Stats
Reddit
Sign in to upload your games and track your stats! →
Sign in with Steam
Match 39687791
Unlisted
Match 39687791
Overview
Messages
Build Orders
End
Kradschützen Motorcycle Team
Selects Panzerjäger Kommand Battlegroup
Selects Panzerjäger Kommand Battlegroup
Panzergrenadier Squad
250 Light Carrier
Selects GrB 39 Grenade Launcher Requisition
Construct Light Support Kompanie
Assault Grenadier Squad
MG34 Team
Selects Mine Fields
Assault Grenadier Squad
Panzerjäger Mechanized Group
Construct Mechanized Kompanie
8 Rad Armored Car
Marder III Tank Destroyer
Assault Mechanized Group
Construct Panzerarmee Kommand
Panzer III L Medium Tank
Selects Early Warning
Selects Butterfly Bomb Drop
Butterfly Bomb Drop
Johann von Floydmann
sword_crusher
0
0
Comments
sign in to comment!
No comments posted yet!